Map: Abiogenesis LE

Players

elementcory

  • Race: Zerg Zerg
  • League: Silver
  • Spawn Location: 5:00

CinDra - Winner!

  • Race: Protoss Protoss
  • League: Bronze
  • Spawn Location: 11:00

VOD

Have the link to the VOD?

Description

Time

  • Played on: Feb. 5, 2018, 1:33 p.m.
  • Length: 15:34
Show
View Real Time Build Order
Export as new Build Order

elementcory Zerg 

Build Orders: Pool First 

Get SALT Encoding   

  12  0:01  Drone  
  13  0:08  Drone  
  14  0:27  Spawning Pool  
  13  0:30  Drone  
  14  0:38  Overlord  
  14  0:46  Extractor  
  13  0:54  Drone  
  15  0:57  Drone x2  
  16  1:17  Zergling x2  
  17  1:20  Zergling x2  
  17  1:21  Queen  
  20  1:51  Zergling x4  
  22  1:55  Hatchery  
  22  1:59  Evolution Chamber  
  20  2:04  Metabolic Boost  
  20  2:32  Drone x2  
  20  2:34  Overlord  
  22  2:39  Zerg Melee Weapons Level 1  
  22  3:01  Drone x2  
  24  3:10  Queen  
  26  3:14  Drone  
  27  3:30  Zergling x10  
  32  3:35  Lair  
  32  3:41  Drone  
  32  3:42  Drone  
  32  3:46  Overlord  
  34  4:14  Drone x8  
  42  4:18  Overlord  
  42  4:38  Zerg Ground Armor Level 1  
  42  4:46  Roach Warren  
  41  4:55  Extractor  
  39  5:21  Zergling x16  
  43  5:52  Hatchery  
  42  5:59  Roach x2  
  42  6:00  Roach x2  
  42  6:01  Overlord x2  
  50  6:04  Hatchery  
  49  6:22  Roach  
  49  6:23  Roach x4  
  59  6:28  Glial Reconstitution  
  59  6:41  Drone x5  
  60  7:32  Roach x6  
  60  7:33  Overlord x2  
  60  7:34  Overlord x3  
  72  8:03  Overlord  
  72  8:04  Overlord x5  
  72  8:10  Zerg Missile Weapons Level 1  
  72  8:17  Spire  
  71  8:22  Nydus Network  
  70  8:32  Roach  
  70  8:33  Roach  
  70  8:34  Zergling x4, Roach  
  76  8:35  Zergling x14  
  85  8:55  Drone x7  
  92  9:12  Drone x4  
  92  9:13  Drone x4  
  100  9:29  Extractor  
  99  9:31  Extractor  
  99  9:35  Extractor  
  99  9:37  Zergling x2  
  99  9:38  Extractor, Zergling x14  
  104  10:02  Zergling x4  
  104  10:03  Zergling x20  
  104  10:06  Zerg Melee Weapons Level 2  
  116  10:22  Zerg Flyer Weapons Level 1  
  116  10:33  Queen  
  118  10:38  Drone  
  118  10:39  Drone x2  
  118  10:40  Drone  
  118  10:41  Drone x2  
  124  10:44  Drone x2  
  124  10:45  Drone  
  124  10:47  Drone x3  
  130  10:50  Overlord x2  
  130  10:55  Overseer  
  130  11:03  Mutalisk  
  132  11:04  Mutalisk x4  
  140  12:00  Zergling x2  
  140  12:01  Zergling x16  
  142  12:02  Zergling x8  
  128  12:20  Corruptor  
  128  12:21  Corruptor x4  
  77  12:40  Zergling x14  
  49  13:13  Zergling x18  
  52  13:48  Zergling x4  
  52  13:49  Zergling x14  
  60  14:24  Zergling x16  
  61  14:25  Zergling x2  
  61  14:27  Hatchery  
  53  14:38  Roach x4  
  61  14:54  Spire  
Show
View Real Time Build Order
Export as new Build Order

CinDra Protoss - Winner!

Build Orders:  

Get SALT Encoding   

  12  0:02  Probe  
  13  0:14  Probe  
  14  0:23  Pylon  
  14  0:26  Probe  
  15  0:41  Probe  
  16  0:43  Gateway  
  16  0:53  Probe  
  17  1:05  Probe  
  17  1:07  Assimilator  
  18  1:17  Probe  
  19  1:30  Probe  
  20  1:45  Cybernetics Core  
  20  1:46  Probe (Chrono Boost)  
  21  1:53  Zealot, Pylon  
  23  2:07  Pylon  
  23  2:11  Probe (Chrono Boost)  
  24  2:19  Assimilator  
  24  2:21  Warp Gate (Chrono Boost)  
  25  2:22  Probe (Chrono Boost)  
  25  2:27  Probe (Chrono Boost)  
  26  2:35  Gateway  
  26  2:37  Adept  
  26  2:43  Probe  
  29  2:52  Pylon  
  29  2:55  Probe  
  30  3:04  Robotics Facility  
  30  3:07  Probe  
  31  3:19  Nexus, Probe  
  32  3:21  Pylon  
  32  3:23  Zealot  
  34  3:31  Probe  
  35  3:39  Zealot  
  37  3:43  Probe  
  38  3:52  Observer  
  39  3:56  Probe  
  40  4:09  Probe  
  41  4:15  Twilight Council  
  41  4:21  Probe  
  41  4:24  Stalker x2  
  46  4:33  Probe  
  47  4:45  Probe  
  48  4:49  Zealot x2  
  52  5:00  Probe x2  
  52  5:06  Assimilator  
  54  5:08  Assimilator  
  54  5:12  Probe x2  
  54  5:13  Stalker x2  
  60  5:17  Immortal  
  64  5:21  Blink  
  64  5:24  Probe x2  
  66  5:36  Probe x2  
  68  5:43  Robotics Bay  
  68  5:46  Pylon  
  68  5:47  Pylon  
  68  5:48  Probe  
  68  5:49  Probe  
  70  5:51  Pylon  
  70  6:04  Immortal, Probe x2  
  70  6:09  Stalker  
  78  6:13  Stalker  
  78  6:16  Probe x2  
  82  6:44  Pylon  
  82  6:45  Nexus  
  82  6:55  Stalker x2  
  82  6:57  Colossus  
  92  7:15  Probe x2  
  94  7:19  Stalker  
  92  7:27  Probe x2  
  92  7:39  Probe x2  
  94  7:51  Probe x2  
  96  7:59  Stalker x2  
  96  8:00  Colossus  
  96  8:03  Probe  
  107  8:12  Extended Thermal Lance  
  107  8:19  Pylon  
  107  8:21  Gateway  
  107  8:23  Gateway  
  107  8:25  Gateway x2, Probe x3  
  110  8:37  Stalker x2  
  110  8:39  Assimilator  
  114  8:43  Assimilator  
  114  9:01  Probe x3  
  117  9:03  Stalker x2  
  121  9:13  Probe  
  122  9:25  Pylon  
  122  9:29  Pylon  
  122  9:31  Pylon  
  122  9:32  Pylon  
  122  9:43  Colossus  
  131  9:51  Stalker x4  
  131  9:52  Stalker x2  
  140  9:53  Observer Gravitic Boosters  
  140  10:17  Stalker x3  
  140  10:18  Stalker x3  
  152  10:30  Gateway  
  152  10:31  Gateway  
  152  10:45  Pylon  
  152  10:50  Pylon  
  152  10:52  Pylon x2  
  152  10:53  Pylon  
  152  11:02  Colossus  
  158  11:06  Charge, Forge  
  158  11:08  Forge  
  158  11:19  Stalker  
  158  11:20  Stalker x4  
  158  11:21  Stalker  
  170  11:44  Stalker x3  
  170  11:45  Stalker x4  
  170  11:46  Stalker  
  186  11:52  Pylon  
  186  11:56  Colossus  
  186  11:57  Pylon  
  152  12:32  Stalker  
  152  12:33  Stalker x4  
  152  12:34  Stalker x2  
  154  12:49  Colossus  
  160  13:01  Stalker  
  160  13:02  Stalker x4  
  160  13:03  Stalker x3  
  157  13:35  Stalker x2  
  157  13:36  Stalker x3  
  157  13:37  Stalker x3  
  167  13:47  Colossus  
  165  14:09  Nexus  
  165  14:11  Stalker x3  
  165  14:12  Stalker x4  
  165  14:13  Stalker  
  181  14:37  Stalker  
  181  14:38  Stalker  
  185  14:39  Stalker x4  
  185  14:41  Observer  
  194  14:54  Stalker x2  
  188  15:19  Stalker  
  188  15:20  Stalker x5  
Tags
 
Add a new tag
Caveats
  • Supply blocks, unpowered buildings, or Contaminate may cause inaccurate times.
  • Supply counts are checked every 10 seconds.